 Dungeon Crawl Stone Soup version 0.25-a0-544-gee0576305d (webtiles) character file.

Game seed: 1061610905336809170, levelgen mode: deterministic

130564 DerDa the Destroyer (level 16, 0/111 HPs)
             Began as a Demonspawn Fire Elementalist on Feb 20, 2020.
             Was a High Priest of Sif Muna.
             Slain by a naga warrior
             ... wielding a +0 long sword
              (14 damage)
             ... on level 3 of the Snake Pit.
             The game lasted 02:51:53 (30095 turns).

DerDa the Destroyer (Demonspawn Fire Elementalist) Turns: 30095, Time: 02:51:55

Health: 0/111      AC: 12    Str: 12    XL:     16   Next: 53%
Magic:  0/33       EV: 16    Int: 22    God:    Sif Muna [*****.]
Gold:   1044       SH:  8    Dex: 20    Spells: 4/41 levels left

rFire    . . .     SeeInvis .   M - staff of wizardry
rCold    + . .     Gourm    .   C - +2 buckler
rNeg     + . .     Faith    .   Z - +1 leather armour "Quts" {MR+ Regen+ Str+4}
rPois    +         Spirit   +   N - +2 hat of the Bear Spirit {Spirit, +Rage rN+ MR++}
rElec    .         Reflect  .   F - scarf {repulsion}
rCorr    .         Harm     .   (gloves unavailable)
MR       +++++                  (no boots)
Stlth    +.........             u - amulet of magic regeneration
HPRegen  0.68/turn              n - ring "Hieghaon" {rPois MR+++ AC+3 Dex+4 Stlth-}
MPRegen  0.48/turn              E - ring of wizardry

@: lethally poisoned (0 -> 0), repel missiles
A: claws 3, yellow scales 2, cold resistance 1, poison resistance, spiny 3, wild
magic 1, augmentation 1, freezing cloud immunity
a: Channel Magic, Forget Spell, Divine Exegesis, Renounce Religion, Evoke
Berserk Rage


You were on level 3 of the Snake Pit.
You worshipped Sif Muna.
Sif Muna was extremely pleased with you.
You were not hungry.

You visited 6 branches of the dungeon, and saw 28 of its levels.
You also visited: Sewer, Bailey and Ice Cave.

You collected 4455 gold pieces.
You spent 3411 gold pieces at shops.

Inventory:

Hand Weapons
 a - the +8 whip "Demonspawn's Bane" {vorpal, *Corrode rElec rN+++ MR+}
   (You took it off a crimson imp on level 5 of the Dungeon)

   It inflicts extra damage upon your enemies.
   It insulates you from electricity.
   It renders you almost immune to negative energy.
   It affects your resistance to hostile enchantments.
   It may corrode you when you take damage.
 R - the +8 whip "Snakebite" {curare, rPois}
   (You found it on level 3 of the Lair of Beasts)

   It poisons the flesh of those it strikes.
   It protects you from poison.
Armour
 l - a scarf of cloud immunity
 z - the +1 cloak of the Neverending Ships {*Contam rElec rPois Dex+6}
   (You acquired it on level 3 of the Lair of Beasts)

   It affects your dexterity (+6).
   It insulates you from electricity.
   It protects you from poison.
   It causes magical contamination when unequipped.
   If you switch to wearing this armour, your AC will increase by 2 (12 -> 14).
 C - a +2 buckler (worn)
 F - a scarf of repulsion (worn)
 N - the +2 hat of the Bear Spirit (worn) {Spirit, +Rage rN+ MR++}
   (You found it in an ice cave)

   It protects you from negative energy.
   It affects your resistance to hostile enchantments.
   It lets you go berserk.
   If you remove this armour, your AC will decrease by 2 (12 -> 10).
 Z - the +1 leather armour "Quts" (worn) {MR+ Regen+ Str+4}
   (You bought it in a shop on level 11 of the Dungeon)

   It affects your strength (+4).
   It affects your resistance to hostile enchantments.
   It increases your rate of regeneration.
   If you remove this armour, your AC will decrease by 4 (12 -> 8).
Magical Staves
 M - an uncursed staff of wizardry (weapon)
Jewellery
 n - the ring "Hieghaon" (left claw) {rPois MR+++ AC+3 Dex+4 Stlth-}
   (You bought it in a shop on level 1 of the Snake Pit)

   [ring of protection]

   It affects your AC (+3).
   It affects your dexterity (+4).
   It protects you from poison.
   It affects your resistance to hostile enchantments.
   It makes you less stealthy.
 o - an uncursed ring of flight
 p - an uncursed amulet of faith
 u - an amulet of magic regeneration (around neck)
 E - a ring of wizardry (right claw)
 K - an uncursed ring of resist corrosion
 T - an uncursed ring of ice
 U - an uncursed ring of protection from fire
 V - an uncursed ring of magical power
 X - the ring of Falaw {rN+ Int+4 Dex-5 SInv}
   (You found it on level 5 of the Dungeon)

   [ring of see invisible]

   It affects your intelligence (+4).
   It affects your dexterity (-5).
   It protects you from negative energy.
   It lets you see invisible.
Wands
 b - a wand of disintegration (79)
 t - a wand of iceblast (2)
 v - a wand of digging (6)
 L - a wand of enslavement (6)
 O - a wand of acid (4)
 S - a wand of polymorph (10)
Scrolls
 e - a scroll of summoning
 f - 12 scrolls of teleportation
 g - 4 scrolls of fog
 i - 8 scrolls of remove curse
 r - a scroll of enchant armour
 x - a scroll of enchant weapon
 y - 3 scrolls of amnesia
 B - 2 scrolls of immolation
 D - 5 scrolls of identify
 G - 3 scrolls of magic mapping
 H - 2 scrolls of fear
 Y - a scroll of blinking
Potions
 d - 3 potions of mutation
 h - 12 potions of curing
 j - 6 potions of resistance
 k - 9 potions of brilliance
 q - 5 potions of cancellation
 s - 2 potions of magic
 w - 5 potions of might
 A - a potion of heal wounds
 I - a potion of ambrosia
 W - 6 potions of haste
Miscellaneous
 m - a box of beasts
 J - a lamp of fire
 Q - a phantom mirror
Comestibles
 c - 48 rations


   Skills:
 - Level 5.8 Fighting
 - Level 6.1 Dodging
 - Level 1.7 Stealth
 * Level 3.8 Shields
 * Level 13.3 Spellcasting
 * Level 14.3 Conjurations
 - Level 5.0 Necromancy
 * Level 1.7 Translocations
 - Level 13.0 Fire Magic
 * Level 9.4 Ice Magic
 * Level 3.3 Air Magic
 - Level 11.4 Invocations


You had 4 spell levels left.
You knew the following spells:

 Your Spells              Type           Power        Failure   Level  Hunger
a - Foxfire               Conj/Fire      ####         1%          1    None
b - Sticky Flame          Conj/Fire      #######.     1%          4    None
c - Fireball              Conj/Fire      #######...   1%          5    ###....
d - Simulacrum            Ice/Necr       ######....   16%         6    #####..
e - Freezing Cloud        Conj/Ice/Air   ######....   9%          6    #####..
f - Orb of Destruction    Conj           #######...   5%          7    ######.
g - Starburst             Conj/Fire      #######...   1%          6    #####..
q - Blink                 Tloc           N/A          1%          2    None

Your spell library contained the following spells:

 Spells                   Type           Power        Failure   Level  Hunger
 Animate Skeleton         Necr           N/A          1%          1    None
 Apportation              Tloc           ####..       1%          1    None
 Freeze                   Ice            ####         1%          1    None
 Magic Dart               Conj           ####         1%          1    None
 Corpse Rot               Necr/Air       N/A          1%          2    None
 Ensorcelled Hibernation  Hex/Ice        #####.       1%          2    None
 Conjure Flame            Conj/Fire      #######.     1%          3    None
 Dazzling Flash           Conj/Hex       ######       1%          3    None
 Frozen Ramparts          Ice            ######       1%          3    None
 Ignite Poison            Fire/Tmut/Pois #####...     1%          3    None
 Inner Flame              Hex/Fire       ######..     1%          3    None
 Mephitic Cloud           Conj/Pois/Air  ######..     1%          3    None
 Ozocubu's Armour         Chrm/Ice       #####...     1%          3    None
 Static Discharge         Conj/Air       ######..     1%          3    None
 Fulminant Prism          Conj/Hex       ######....   1%          4    None
 Beastly Appendage        Tmut           ###...       2%          1    None
 Corona                   Hex            ###....      2%          1    None
 Infusion                 Chrm           ###.         2%          1    None
 Sting                    Tmut/Pois      ###.         2%          1    None
 Summon Small Mammal      Summ           ###.         2%          1    None
 Call Imp                 Summ           ###.....     3%          2    None
 Slow                     Hex            ###.....     3%          2    None
 Song of Slaying          Chrm           ###.....     3%          2    None
 Ice Form                 Ice/Tmut       #####...     3%          4    None
 Summon Ice Beast         Ice/Summ       #####...     3%          4    None
 Call Canine Familiar     Summ           ###.....     7%          3    None
 Confusing Touch          Hex            ###.....     7%          3    None
 Spectral Weapon          Hex/Chrm       ###.....     7%          3    None
 Summon Guardian Golem    Hex/Summ       ###.....     7%          3    None
 Tukima's Dance           Hex            ###.....     7%          3    None
 Summon Lightning Spire   Summ/Air       ####....     11%         4    None
 Lightning Bolt           Conj/Air       ######....   1%          5    ###....
 Irradiate                Conj/Tmut      ######....   3%          5    ###....
 Iskenderun's Battlesphe  Conj/Chrm      ######..     3%          5    ###....
 Ozocubu's Refrigeration  Ice            ######....   7%          6    #####..
 Agony                    Necr           #####...     8%          5    ###....
 Metabolic Englaciation   Hex/Ice        #####.....   9%          5    ###....
 Excruciating Wounds      Chrm/Necr      ####......   19%         5    ###....
 Ignition                 Fire           #######...   45%         8    #######
 Ring of Flames           Chrm/Fire      ######....   65%         7    ######.
 Deflect Missiles         Chrm/Air       ####......   75%         6    #####..
 Invisibility             Hex            ###.....     90%         6    #####..
 Haunt                    Necr/Summ      ####......   98%         7    ######.
 Lehudib's Crystal Spear  Conj/Erth      ######....   99%         8    #######
 Fire Storm               Conj/Fire      #######...   99%         9    #######
 Malign Gateway           Summ/Tloc      ###.......   100%        7    ######.


Dungeon Overview and Level Annotations

Branches:
Dungeon (15/15)            Temple (1/1) D:5            Lair (6/6) D:9
  Swamp (1/4) Lair:4        Snake (3/4) Lair:3        Slime (0/5) Lair:5
    Orc (2/2) D:11            Elf (0/3) Orc:2        Vaults (0/5) D:14
 Depths (0/5) D:15          Sewer (visited)          Bailey (visited)
  IceCv (visited)

Altars:
Ashenzari
Cheibriados
Dithmenos
Elyvilon
Fedhas
Gozag
Hepliaklqana
Kikubaaqudgha
Makhleb
Nemelex Xobeh
Okawaru
Qazlal
Ru
Sif Muna
Trog
Uskayaw
Vehumet
Wu Jian
Xom
Yredelemnul
Zin
The Shining One
Beogh
Jiyva

Shops:
D:7 *   D:11 [   D:12 !   D:14 !?(   Orc:2 *[*(?   Snake:1 =*   Snake:2 %
Snake:3 *

Portals:
Trove: D:13 (give +2 shadow dragon scales)

Annotations:
D:5 2 runed translucent doors
D:14 1 runed translucent door, Biutis's ghost, journeyman HONe
Lair:6 1 runed translucent door


Innate Abilities, Weirdness & Mutations

You have claws for hands.
You are mostly covered in yellow scales. (AC +3)
Your flesh is cold resistant. (rC+)
You are completely covered in sharp spines.
Your magical and physical power is slightly enhanced at high health.
You are immune to freezing clouds.
Your system is resistant to poisons. (rPois)
Your spells are a little harder to cast, but a little more powerful.


Message History

The splash of poison misses you.
The naga mage is engulfed in freezing vapours.
The naga warrior is engulfed in freezing vapours.
You block the naga warrior's attack.
The naga mage is engulfed in freezing vapours.
Unknown command.
You closely miss the naga warrior.
The naga warrior is severely wounded.
You feel sick.
The naga mage is engulfed in freezing vapours. x2
The naga warrior is engulfed in freezing vapours.
The naga warrior hits you with a +0 scimitar!!
* * * LOW HITPOINT WARNING * * *
The naga spits poison at you. The splash of poison misses you.
The naga mage is engulfed in freezing vapours.
The naga warrior is engulfed in freezing vapours.
The naga warrior is struck by your spines.
The naga warrior hits you with a +0 long sword!
You die...

..............
.#....#..............
##N.............(.....
##.....................
.##..§.....#........>....
#.§§§§.................>.
#§§N§§§§.................
.§§§§§§N................^
..§§§§NN@....#..........#
..§§§§.N....###........#.
..N§§§......###.......#..
...§§§...............##..
...[..........####...##..
.............######(.(().
###..........###.........
##........###.......#..
#.#####..###.......#..#


You could see 2 naga warriors, 3 naga magi and 2 nagas.

Vanquished Creatures
  Rupert (D:13)
  Gastronok (Lair:3)
  Kirke (Lair:6)
  A nagaraja (Snake:2)
  A frost giant (IceCv)
  An orc warlord (Bailey)
  2 ogre magi
  Fannar (Lair:2)
  4 naga warriors
  10 hydras
  2 catoblepae (Lair:6)
  2 anacondas (Snake:2)
  3 centaur warriors
  3 death yaks (Lair:6)
  7 two-headed ogres
  2 tengu warriors (D:15)
  3 naga sharpshooters
  5 orc high priests (Orc:2)
  An unseen horror (D:13)
  A necromancer (D:14)
  4 lindwurms
  3 naga ritualists
  11 orc knights
  2 wizards (D:14)
  6 mana vipers
  A mana viper (shapeshifter) (D:15)
  An oklob plant (Lair:6)
  A deep elf mage (D:15)
  12 ugly things
  2 cyclopes
  3 manticores
  2 salamanders
  2 centaur zombies
  25 black mambas
  8 elephants
  3 guardian serpents
  A naga mage (Snake:1)
  A spiny frog (shapeshifter) (D:15)
  An ice statue (IceCv)
  A gargoyle (D:12)
  8 spiny frogs
  9 torpor snails
  A yaktaur (D:15)
  2 komodo dragons
  An efreet (D:14)
  A komodo dragon (shapeshifter) (D:15)
  5 rime drakes
  A queen bee (D:12)
  A troll (shapeshifter) (D:15)
  9 trolls
  16 polar bears
  3 meliai (D:12)
  8 hornets
  4 slime creatures (D:15)
  13 blink frogs
  3 tyrant leeches (Lair:6)
  5 dream sheep
  A meliai zombie (D:11)
  8 hippogriffs
  A tarantella (shapeshifter) (D:15)
  5 wyverns
  2 wraiths (D:14)
  A human (Lair:6)
  3 water elementals (D:15)
  74 yaks
  6 hogs (Lair:6)
  2 hungry ghosts
  4 basilisks
  A steam dragon (D:14)
  3 vampire mosquitoes (D:14)
  A swamp worm (Lair:4)
  4 wargs
  A naga (shapeshifter) (D:15)
  A soldier ant (D:11)
  A soldier ant (shapeshifter) (D:13)
  24 water moccasins
  An acid dragon (D:12)
  7 nagas
  9 porcupines
  39 orc warriors
  2 black bears
  4 ice beasts
  6 sky beasts
  3 boggarts (D:15)
  18 ogres
  16 wolves
  3 eyes of draining
  5 centaurs
  12 crocodiles
  4 big kobolds (D:12)
  18 bullfrogs
  2 gnoll sergeants
  A wyvern zombie (D:13)
  2 wyvern skeletons
  4 scorpions
  A water moccasin skeleton (D:6)
  25 killer bees
  4 electric eels
  19 wights
  2 howler monkeys
  7 crimson imps
  2 quasits
  6 hounds
  3 bullfrog zombies
  41 orc priests
  5 centaur skeletons
  4 jellies
  2 bullfrog skeletons
  Crazy Yiuf (D:6)
  4 iguanas
  16 orc wizards
  11 worker ants
  2 killer bee zombies
  A hound zombie (D:11)
  2 hound skeletons
  A howler monkey zombie (D:8)
  Robin (D:2)
  17 gnolls
  18 adders
  2 shadow imps
  12 white imps (Lair:4)
  3 oozes (Lair:5)
  2 adder skeletons
  4 worms
  A dart slug (D:4)
  2 leopard geckos
  99 orcs
  8 ball pythons
  8 giant cockroaches
  33 goblins
  22 hobgoblins
  20 jackals
  20 kobolds
  3 quokkas
  5 bats (D:2)
  7 frilled lizards
  A jackal skeleton (D:6)
  A jackal zombie (D:5)
  A quokka zombie (D:6)
  8 rats
  3 fungi
  16 plants
1007 creatures vanquished.

Vanquished Creatures (others)
  A salamander (Snake:2)
  An orc wizard (D:14)
  A gnoll (D:6)
  An orc (D:14)
  A fire vortex (D:13)
  1300 foxfires
  11 fungi
  16 plants
1332 creatures vanquished.

Grand Total: 2339 creatures vanquished

Notes
Turn   | Place    | Note
-------+----------+-------------------------------------------
     0 | D:1      | DerDa the Demonspawn Fire Elementalist began the quest for
                  | the Orb.
     0 | D:1      | Reached XP level 1. HP: 13/13 MP: 3/3
   265 | D:1      | Gained mutation: You have sharp fingernails. [demonic
                  | ancestry]
   265 | D:1      | Reached XP level 2. HP: 19/19 MP: 0/5
   678 | D:2      | Reached skill level 2 in Conjurations
   728 | D:2      | Gained mutation: You have very sharp fingernails. [demonic
                  | ancestry]
   728 | D:2      | Reached XP level 3. HP: 18/24 MP: 4/7
  1100 | D:2      | Gained mutation: You are partially covered in sharp spines.
                  | [demonic ancestry]
  1100 | D:2      | Reached XP level 4. HP: 16/30 MP: 0/8
  1146 | D:2      | Reached skill level 3 in Conjurations
  1621 | D:2      | Learned a level 4 spell: Sticky Flame
  1794 | D:3      | Noticed Robin
  1861 | D:2      | Killed Robin
  2668 | D:3      | Gained mutation: Your system is resistant to poisons.
                  | (rPois) [potion of mutation]
  2668 | D:3      | Gained mutation: Your spells are a little harder to cast,
                  | but a little more powerful. [potion of mutation]
  2672 | D:3      | HP: 1/30 [orc wizard/puff of flame (6)]
  2687 | D:3      | Gained mutation: You are partially covered in yellow
                  | scales. (AC +2) [demonic ancestry]
  2687 | D:3      | Reached XP level 5. HP: 26/35 MP: 2/10
  2822 | D:4      | Gained mutation: Your flesh is cold resistant. (rC+)
                  | [demonic ancestry]
  2822 | D:4      | Reached XP level 6. HP: 41/41 MP: 0/12
  2915 | D:4      | Learned a level 5 spell: Fireball
  2934 | D:4      | Reached skill level 4 in Conjurations
  3761 | D:5      | Entered Level 5 of the Dungeon
  3844 | D:5      | Found a staircase to the Ecumenical Temple.
  3855 | Temple   | Entered the Ecumenical Temple
  3956 | D:5      | Gained mutation: You are immune to freezing clouds.
                  | [demonic ancestry]
  3956 | D:5      | Reached XP level 7. HP: 46/46 MP: 8/13
  4187 | D:5      | Found a glowing drain.
  4207 | Sewer    | Entered a sewer
  4230 | Sewer    | Reached skill level 5 in Conjurations
  5201 | D:5      | Reached skill level 5 in Spellcasting
  5284 | D:5      | Found a large runed translucent door.
  5284 | D:5      | Found a large runed translucent door.
  5287 | D:5      | Noticed a troll
  5303 | D:5      | Identified the +8 whip "Demonspawn's Bane" {vorpal,
                  | *Corrode rElec rN+++ MR+}
  5330 | D:5      | Found a large runed translucent door.
  5330 | D:5      | Found a large runed translucent door.
  5362 | D:5      | Reached skill level 5 in Fire Magic
  5371 | D:5      | Reached XP level 8. HP: 43/52 MP: 4/16
  5808 | D:6      | Reached skill level 6 in Conjurations
  6424 | D:6      | Found a runed translucent door.
  6425 | D:6      | Noticed Crazy Yiuf
  6430 | D:6      | Killed Crazy Yiuf
  6678 | D:6      | Found a shattered altar of Ashenzari.
  6678 | D:6      | Found a snail-covered altar of Cheibriados.
  6681 | D:6      | Found a radiant altar of Vehumet.
  6681 | D:6      | Found a sparkling altar of Nemelex Xobeh.
  6795 | D:7      | Reached skill level 7 in Conjurations
  6802 | D:7      | Reached XP level 9. HP: 38/57 MP: 1/19
  7084 | D:7      | Found Roaleam's Assorted Antiques.
  7095 | D:7      | Bought a smoky ruby potion for 22 gold pieces
  7095 | D:7      | Bought a puce potion for 22 gold pieces
  7095 | D:7      | Bought a bubbling inky potion for 22 gold pieces
  7095 | D:7      | Bought a scroll labeled HETTU EVIQYKIBE for 25 gold pieces
  7095 | D:7      | Bought 2 scrolls labeled OMA FEOMPIOTAI for 50 gold pieces
  7816 | D:8      | Reached skill level 8 in Conjurations
  8133 | D:8      | Found a shimmering blue altar of Sif Muna.
  8139 | D:8      | Became a worshipper of Sif Muna the Loreminder
  8305 | D:9      | Found a glowing golden altar of the Shining One.
  8512 | D:9      | Found a staircase to the Lair.
  8744 | D:9      | Reached XP level 10. HP: 63/63 MP: 7/22
  8892 | D:9      | Reached * piety under Sif Muna
  8936 | D:10     | Entered Level 10 of the Dungeon
  8957 | D:10     | Reached skill level 9 in Conjurations
  9116 | D:10     | Found a flagged portal.
  9117 | D:10     | Noticed a two-headed ogre
  9129 | D:10     | Killed a two-headed ogre
  9182 | Bailey   | Entered a bailey
  9344 | Bailey   | Reached ** piety under Sif Muna
  9519 | Bailey   | Noticed an orc knight
  9548 | Bailey   | Killed an orc knight
  9623 | Bailey   | Reached skill level 10 in Conjurations
  9882 | Bailey   | Reached *** piety under Sif Muna
  9884 | Bailey   | Noticed an orc warlord
  9884 | Bailey   | Identified a scroll of acquirement
  9885 | Bailey   | Identified the Incunabulum of Lethal Shape Shifting (You
                  | acquired it in a bailey)
  9913 | Bailey   | Killed an orc warlord
  9913 | Bailey   | Gained mutation: You have claws for hands. [demonic
                  | ancestry]
  9913 | Bailey   | Reached XP level 11. HP: 21/68 MP: 8/24
 10175 | Bailey   | Noticed an orc knight
 10197 | Bailey   | Killed an orc knight
 11013 | D:5      | Reached skill level 10 in Spellcasting
 11032 | D:5      | Got a flickering granite ring
 11044 | D:5      | Identified the ring of Falaw {rN+ Int+4 Dex-5 SInv} (You
                  | found it on level 5 of the Dungeon)
 11390 | D:11     | Found a staircase to the Orcish Mines.
 11391 | D:11     | Found Seuxy's Armour Shop.
 11401 | D:11     | Reached **** piety under Sif Muna
 11425 | D:11     | Bought the +1 leather armour "Quts" {MR+ Regen+ Str+4} for
                  | 392 gold pieces
 11449 | D:11     | Learned a level 6 spell: Simulacrum
 11483 | D:11     | Reached skill level 10 in Fire Magic
 11763 | D:11     | Reached skill level 1 in Ice Magic
 11929 | Lair:1   | Entered Level 1 of the Lair of Beasts
 11933 | Lair:1   | Reached skill level 11 in Conjurations
 12339 | Lair:1   | Gained mutation: You are mostly covered in sharp spines.
                  | [demonic ancestry]
 12339 | Lair:1   | Reached XP level 12. HP: 74/74 MP: 6/26
 12875 | Lair:2   | Found a hide-covered altar of Uskayaw.
 13091 | Lair:2   | You fall into a shaft and drop 2 floors!
 13091 | Lair:4   | Found a frozen archway.
 13106 | Lair:4   | Reached ***** piety under Sif Muna
 13107 | Lair:4   | Identified Wuomodij's Incunabulum of Enchanting Boosts (Sif
                  | Muna gifted it to you on level 4 of the Lair of Beasts)
 13107 | Lair:4   | Received a gift from Sif Muna
 13237 | IceCv    | Entered an ice cave
 13273 | IceCv    | Reached skill level 1 in Invocations
 14166 | IceCv    | Noticed a frost giant
 14378 | IceCv    | Killed a frost giant
 14378 | IceCv    | Reached skill level 12 in Conjurations
 14378 | IceCv    | Reached skill level 5 in Ice Magic
 14490 | IceCv    | Found the +2 hat of the Bear Spirit {Spirit, +Rage rN+
                  | MR++}
 14748 | Lair:3   | Noticed a four-headed hydra
 14752 | Lair:3   | Killed a four-headed hydra
 14879 | Lair:3   | Identified the +1 cloak of the Neverending Ships {*Contam
                  | rElec rPois Dex+6} (You acquired it on level 3 of the Lair
                  | of Beasts)
 14932 | Lair:2   | Noticed Fannar
 14935 | Lair:2   | Killed Fannar
 14935 | Lair:2   | Reached skill level 5 in Invocations
 14935 | Lair:2   | Reached XP level 13. HP: 79/79 MP: 14/28
 15149 | Lair:2   | Reached skill level 1 in Fighting
 15677 | Lair:3   | Noticed Gastronok
 15688 | Lair:3   | Killed Gastronok
 15688 | Lair:3   | Identified Iseraf's Volume of Congealing Poisoning (Sif
                  | Muna gifted it to you on level 3 of the Lair of Beasts)
 15688 | Lair:3   | Received a gift from Sif Muna
 15735 | Lair:3   | Found a staircase to the Snake Pit.
 16342 | Lair:3   | Found the +8 whip "Snakebite" {curare, rPois}
 16918 | Lair:4   | Reached skill level 1 in Necromancy
 17096 | Lair:4   | Found a staircase to the Swamp.
 18012 | Lair:5   | Found a runed translucent door.
 18012 | Lair:5   | Found a viscous altar of Jiyva.
 18013 | Lair:5   | Found a staircase to the Slime Pits.
 18445 | Lair:6   | Entered Level 6 of the Lair of Beasts
 18447 | Lair:6   | Gained mutation: You are completely covered in sharp
                  | spines. [demonic ancestry]
 18447 | Lair:6   | Reached XP level 14. HP: 91/91 MP: 19/30
 18689 | Lair:6   | Identified Uxtupn's Almanac of the Gliding Blaze (Sif Muna
                  | gifted it to you on level 6 of the Lair of Beasts)
 18689 | Lair:6   | Received a gift from Sif Muna
 18836 | Lair:6   | Noticed Kirke
 18843 | Lair:6   | Killed Kirke
 19000 | Lair:6   | Reached skill level 13 in Conjurations
 19322 | Lair:6   | Found a runed translucent door.
 20432 | Lair:6   | Learned a level 6 spell: Freezing Cloud
 21172 | Orc:1    | Entered Level 1 of the Orcish Mines
 21671 | Orc:1    | Found a roughly hewn altar of Beogh.
 22096 | Orc:2    | Entered Level 2 of the Orcish Mines
 22315 | Orc:2    | Found a roughly hewn altar of Beogh.
 22722 | Orc:2    | Identified Gyjulim's Compendium of Conjuration (Sif Muna
                  | gifted it to you on level 2 of the Orcish Mines)
 22722 | Orc:2    | Received a gift from Sif Muna
 22795 | Orc:2    | Found Zoepeam's General Store.
 22804 | Orc:2    | Bought a scroll of identify for 28 gold pieces
 22804 | Orc:2    | Bought a scroll of random uselessness for 14 gold pieces
 22837 | Orc:2    | Found a staircase to the Elven Halls.
 23079 | Orc:2    | Gained mutation: You are mostly covered in yellow scales.
                  | (AC +3) [demonic ancestry]
 23079 | Orc:2    | Reached XP level 15. HP: 90/100 MP: 15/31
 24012 | Orc:2    | Found Bigam's General Store.
 24015 | Orc:2    | Found Burumari's Antique Weapon Shoppe.
 24016 | Orc:2    | Found Paih's Antique Armour Emporium.
 24017 | Orc:2    | Found Sepegh's Magic Scroll Emporium.
 24020 | Orc:2    | Bought a steaming leather armour for 231 gold pieces
 24023 | Orc:2    | Bought a scroll of identify for 36 gold pieces
 24023 | Orc:2    | Bought a scroll of identify for 36 gold pieces
 24023 | Orc:2    | Bought a scroll of identify for 36 gold pieces
 24024 | Orc:2    | Bought a scroll of identify for 28 gold pieces
 24024 | Orc:2    | Bought an uncursed amulet of magic regeneration for 420
                  | gold pieces
 24164 | Orc:1    | Learned a level 7 spell: Orb of Destruction
 24171 | Orc:1    | Learned a level 6 spell: Starburst
 24233 | D:12     | Reached skill level 10 in Invocations
 24251 | D:12     | Found Esaonk's Distillery.
 24342 | D:12     | Bought a potion of heal wounds for 85 gold pieces
 24406 | D:12     | Identified Sif Muna's Incunabulum of Aid (Sif Muna gifted
                  | it to you on level 12 of the Dungeon)
 24406 | D:12     | Received a gift from Sif Muna
 24652 | D:12     | Reached skill level 5 in Dodging
 24960 | D:13     | Identified the +2 leather armour of Depression {rElec
                  | Stlth+} (You bought it in a shop on level 2 of the Orcish
                  | Mines)
 25181 | D:13     | Reached skill level 5 in Fighting
 25228 | D:13     | Noticed Rupert
 25253 | D:13     | Killed Rupert
 25253 | D:13     | Reached skill level 1 in Shields
 25723 | D:13     | Found a portal to a secret trove of treasure.
 25909 | D:13     | Got a transparent falchion
 25929 | D:13     | Identified the +2 falchion of Doom {venom, +Inv rN+ Int+4
                  | Dex-3} (You found it on level 13 of the Dungeon)
 25971 | D:14     | Found Zeicliosa's Magic Scroll Emporium.
 25984 | D:14     | Bought a scroll of blinking for 105 gold pieces
 25984 | D:14     | Bought a scroll of teleportation for 42 gold pieces
 26052 | D:14     | Identified the +0 cloak of Joy {rN+} (You acquired it on
                  | level 14 of the Dungeon)
 26052 | D:14     | Identified the +11 demon trident "Qesaz" {vamp, Dex+2} (You
                  | acquired it on level 14 of the Dungeon)
 26091 | D:14     | Found Kira's Antique Weapon Shop.
 26201 | D:14     | Found a gate to the Vaults.
 26291 | D:14     | Found Malaill's Distillery.
 26294 | D:14     | Reached skill level 1 in Air Magic
 26313 | D:14     | Identified Sif Muna's Almanac of the Dusty Entourage (Sif
                  | Muna gifted it to you on level 14 of the Dungeon)
 26313 | D:14     | Received a gift from Sif Muna
 26329 | D:14     | Bought a potion of heal wounds for 95 gold pieces
 26424 | D:14     | Found a runed translucent door.
 26424 | D:14     | Found a shimmering altar of Xom.
 26424 | D:14     | Identified the +5 broad axe of True Grit {chaos, -Tele
                  | rF+++ Str-4 Stlth+}
 26424 | D:14     | Noticed Biutis's ghost (journeyman HONe)
 26593 | D:15     | Entered Level 15 of the Dungeon
 26843 | D:15     | Reached skill level 14 in Conjurations
 27037 | D:15     | Reached skill level 5 in Necromancy
 27115 | D:15     | Gained mutation: Your magical and physical power is
                  | slightly enhanced at high health. [demonic ancestry]
 27115 | D:15     | Reached XP level 16. HP: 94/111 MP: 22/33
 27387 | D:15     | Found a staircase to the Depths.
 28037 | Swamp:1  | Entered Level 1 of the Swamp
 28126 | Snake:1  | Entered Level 1 of the Snake Pit
 28429 | Snake:1  | Found Rar Citt's Jewellery Shoppe.
 28454 | Snake:1  | Bought the ring "Hieghaon" {rPois MR+++ AC+3 Dex+4 Stlth-}
                  | for 554 gold pieces
 28530 | Snake:1  | Found Pisseb's Assorted Antiques.
 28540 | Snake:1  | Bought a brightly glowing hand axe for 296 gold pieces
 28540 | Snake:1  | Bought a potion of heal wounds for 185 gold pieces
 28540 | Snake:1  | Bought a glowing scarf for 296 gold pieces
 28766 | Snake:2  | Learned a level 2 spell: Blink
 28841 | Snake:2  | Reached skill level 1 in Translocations
 29018 | Snake:2  | Identified Qayh's Almanac of Entrancing Summoning (You
                  | acquired it on level 2 of the Snake Pit)
 29306 | Snake:2  | You fall into a shaft and drop 1 floor!
 29392 | Snake:3  | Found Zoifuber's Assorted Antiques.
 29404 | Snake:3  | Bought a glaive for 221 gold pieces
 29404 | Snake:3  | Bought a twisted granite ring for 170 gold pieces
 29407 | Snake:3  | Identified the cursed +1 hand axe "Acarinebane" {vorpal,
                  | rN+} (You bought it in a shop on level 1 of the Snake Pit)
 29671 | Snake:2  | Received a gift from Sif Muna
 29699 | Snake:2  | Found Dimuph's Food Emporium.
 30095 | Snake:3  | Slain by a naga warrior

Levels and vault maps discovered:
D:1:      dpeg_arrival_tiny_d, layout_loops_ring
D:2:      layout_loops_corners, first_ration, grunt_ministairs_10
D:3:      layout_basic, uniq_robin
D:4:      layout_rooms, minivault_14, roderic_roman_lattice
D:5:      layout_loops_corners, minmay_temple_entry_sparse_star,
          portal_sewer_entry_b, minmay_hollow_rounded_squares
D:6:      layout_basic, grunt_temple_overflow_cloverleaf,
          uniq_crazy_yiuf_cottage
D:7:      layout_basic, serial_shops, nicolae_shop_trees
D:8:      layout_basic, led_sif_pool, minivault_14
D:9:      kennysheep_six_static_rooms, layout_rooms, overflow_temple_1_default,
          dpeg_oklobed_lair
D:10:     layout_cave_pods, enter_bailey_2
D:11:     layout_roguey, orc_david_3, minmay_circle_x
D:12:     layout_basic, special_room [special_room_bee], serial_shops,
          nicolae_shop_competitors_out_of_business, hangedman_ranch
          [blue_anna_fruit_fields]
D:13:     lemuel_flame_loot_2, layout_loops_ring, nicolae_trove_entry_crystal,
          fake_guardian_serpent_vault, uniq_rupert
D:14:     layout_roguey, david_vaults_1, ebering_ghost_xom, serial_shops, shop,
          nicolae_shop_window_shopping, nicolae_shop_waterfront
D:15:     gammafunk_enter_depths_forms, layout_basic, chequers_big_river,
          minivault_5, minmay_joined_circles
Temple:   nicolae_temple_x_marks_the_god
Lair:1:   layout_gridlike, special_room
Lair:2:   layout_misc_corridors, serial_bayou, serial_bayou_lagoon_a,
          serial_bayou_pond_e, serial_bayou_pond_b, serial_bayou_pond_a,
          serial_bayou_ford_a, serial_bayou_crossing, basic_altar, st_stairs_7,
          uniq_fannar
Lair:3:   minmay_guarded_unrand_snakebite, layout_hall_layers,
          dummy_snake_entry, grunt_megastairs_1, uniq_gastronok
Lair:4:   layout_roguey, palyth_hydra_swamp_entry, portal_ice_cave_entry_imps,
          wad_woods_road_05
Lair:5:   layout_gridlike, slime_altar_2
Lair:6:   wormcave, layout_big_grid, hangedman_lair_in_review, uniq_kirke
Swamp:1:  layout_falls_marsh, gammafunk_ghost_hydra_chop,
          evilmike_swamp_ruin_house_6
Snake:1:  layout_gridlike, special_room, serial_shops, shop,
          minmay_shop_enchanted_jewellery, drop_trap
Snake:2:  layout_onion_interference, serial_shops, shop, drop_trap,
          nicolae_snake_salamander_stairs
Snake:3:  layout_chambers, serial_shops, nicolae_shop_overgrown_old_shop,
          nicolae_snake_squiggles
Orc:1:    nicolae_orc_accident_2, layout_caves
Orc:2:    st_orc_pillars, layout_diamond_mine, basic_altar, serial_shops, shop,
          abandoned_shop

Skill      XL: |  1  2  3  4  5  6  7  8  9 10 11 12 13 14 15 16 |
---------------+-------------------------------------------------+-----
Conjurations   | 2 3 4 5 7 8 10 11 12 13 14 | 14.3
Spellcasting   | 3 4 5 6 8 9 10 11 12 13 | 13.3
Fire Magic     | 3 4 5 6 7 9 10 11 12 13 | 13.0
Ice Magic      | 2 5 6 8 9 |  9.4
Invocations    | 5 7 9 10 11 | 11.4
Dodging        | 3 4 5 6 |  6.1
Fighting       | 2 4 5 |  5.8
Necromancy     | 2 4 5 |  5.0
Shields        | 2 3 |  3.8
Air Magic      | 1 3 |  3.3
Translocations | 1 |  1.7
Stealth        | |  1.7

Action                   |  1- 3 |  4- 6 |  7- 9 | 10-12 | 13-15 | 16-18 || total
-------------------------+-------+-------+-------+-------+-------+-------++-------
Melee: Unarmed           |     5 |       |       |       |       |       ||     5
       Short sword       |    20 |     9 |   193 |       |       |       ||   222
       Staff             |       |     4 |     2 |     1 |    41 |    17 ||    65
       Whip              |       |       |    53 |   198 |   321 |    45 ||   617
       Hand axe          |       |       |       |       |       |     1 ||     1
Throw: Boomerang         |       |       |     1 |     1 |       |       ||     2
 Cast: Foxfire           |    51 |   113 |   256 |   240 |   163 |     2 ||   825
       Sticky Flame      |       |       |    18 |    97 |   188 |    21 ||   324
       Fireball          |       |       |     1 |    35 |   242 |    65 ||   343
       Freezing Cloud    |       |       |       |       |     7 |     8 ||    15
       Starburst         |       |       |       |       |       |     4 ||     4
       Orb of Destructio |       |       |       |       |       |     2 ||     2
Invok: Channel Magic     |       |       |       |       |    10 |     2 ||    12
 Abil: Evoke Flight      |       |       |       |       |     1 |       ||     1
Evoke: Wand              |       |     6 |       |    32 |     1 |       ||    39
       Lamp of fire      |       |       |       |     1 |       |       ||     1
  Use: Potion            |       |     3 |       |     2 |     5 |     3 ||    13
       Scroll            |       |     4 |     1 |    12 |    21 |     5 ||    43
 Stab: Sleeping          |     1 |       |     1 |       |       |       ||     2
  Eat: Chunk             |     1 |     8 |    15 |    28 |    61 |     6 ||   119
       Ration            |       |       |     1 |       |     2 |     5 ||     8
Armor: Robe              |    11 |     7 |       |       |       |       ||    18
       Leather armour    |       |     9 |    66 |   146 |   190 |    19 ||   430
Dodge: Dodged            |    35 |    47 |    82 |   233 |   338 |    49 ||   784
       Deflected         |       |       |     2 |     5 |       |     9 ||    16
Block: Buckler           |       |       |       |       |       |    19 ||    19

Table legend:
 A = Non-vault XP
 B = Vault XP
 C = Vault XP percentage of total XP
 D = Non-vault monster count
 E = Vault monster count
 F = Vault count percentage of total count
                 A         B        C        D         E       F
            +---------+---------+-------+---------+---------+-------
      Total |  112797 |   73723 |  39.5 |     615 |     374 |  37.8
            +---------+---------+-------+---------+---------+-------
        D:1 |      21 |       0 |   0.0 |      13 |       0 |   0.0
        D:2 |     108 |      28 |  20.6 |      28 |       7 |  20.0
        D:3 |     100 |      12 |  10.7 |      13 |       6 |  31.6
        D:4 |     356 |       0 |   0.0 |      24 |       0 |   0.0
        D:5 |     527 |     891 |  62.8 |      16 |      16 |  50.0
        D:6 |     953 |      39 |   3.9 |      23 |       1 |   4.2
        D:7 |     785 |       0 |   0.0 |      28 |       0 |   0.0
        D:8 |    1043 |       0 |   0.0 |      23 |       0 |   0.0
        D:9 |    1152 |     393 |  25.4 |      23 |       5 |  17.9
       D:10 |    4350 |       0 |   0.0 |      37 |       0 |   0.0
       D:11 |    2180 |     278 |  11.3 |      14 |       6 |  30.0
       D:12 |    7398 |    4731 |  39.0 |      38 |      33 |  46.5
       D:13 |    6787 |    3881 |  36.4 |      27 |       3 |  10.0
       D:14 |    7880 |    2275 |  22.4 |      30 |       3 |   9.1
       D:15 |    9458 |    6080 |  39.1 |      22 |      16 |  42.1
     Lair:1 |    5326 |       0 |   0.0 |      27 |       0 |   0.0
     Lair:2 |    3485 |    1265 |  26.6 |      17 |       3 |  15.0
     Lair:3 |    3343 |    5273 |  61.2 |      15 |      17 |  53.1
     Lair:4 |   10780 |    2901 |  21.2 |      40 |      18 |  31.0
     Lair:5 |    4662 |      21 |   0.4 |      15 |       3 |  16.7
     Lair:6 |    7641 |   19210 |  71.5 |      25 |      45 |  64.3
    Swamp:1 |     418 |       0 |   0.0 |       1 |       0 |   0.0
    Snake:1 |    9035 |       0 |   0.0 |      17 |       0 |   0.0
    Snake:2 |   13218 |     283 |   2.1 |      22 |       1 |   4.3
    Snake:3 |    3466 |       0 |   0.0 |       7 |       0 |   0.0
      Orc:1 |    3653 |     824 |  18.4 |      36 |       4 |  10.0
      Orc:2 |    4672 |   11147 |  70.5 |      34 |      62 |  64.6
      Sewer |       0 |      44 | 100.0 |       0 |      20 | 100.0
     Bailey |       0 |    4506 | 100.0 |       0 |      69 | 100.0
      IceCv |       0 |    9641 | 100.0 |       0 |      36 | 100.0
            +---------+---------+-------+---------+---------+-------
